 Seeded DCSS version 0.30.1-6-gbe392663c4 (webtiles) character file.

Game seed: 1416809328348268147 (custom seed)

68 Psyclone the Firebug (level 4, 0/36 HPs)
             Began as a Deep Elf Fire Elementalist on Sept 21, 2023.
             Slain by a centaur (3 damage)
             ... on level 4 of the Dungeon.
             The game lasted 00:03:48 (747 turns).

Psyclone the Firebug (Deep Elf Fire Elementalist)    Turns: 747, Time: 00:03:49

Health: 0/36       AC: 22    Str:  5    XL:     4   Next: 1%
Magic:  1/10       EV:  2    Int: 22    God:
Gold:   105        SH:  0    Dex: 15    Spells: 6/9 levels left

rFire   . . .        h - +0 short sword
rCold   . . .        (no shield)
rNeg    . . .        a - melded +0 robe
rPois   +            (helmet currently unavailable)
rElec   .            (cloak currently unavailable)
rCorr   .            (gloves currently unavailable)
SInv    .            (boots currently unavailable)
Will    .....        (no amulet)
Stlth   ++           (no ring)
HPRegen 0.26/turn    (no ring)
MPRegen 0.12/turn

%: no passive effects
@: tree-form
A: stationary, stasis, torment immunity, boosted hp
a: no special abilities


You were on level 4 of the Dungeon.
You were a tree.
You visited 1 branch of the dungeon, and saw 4 of its levels.

You collected 105 gold pieces.

Inventory:

Hand Weapons
 h - a +0 short sword (weapon)
Missiles
 g - 2 poisoned darts
Armour
 a - a +0 robe (melded)
Jewellery
 d - a +6 ring of intelligence
Scrolls
 c - 6 scrolls of identify {unknown}
 f - a scroll of enchant armour {unknown}
 i - 2 scrolls of teleportation {unknown}
Potions
 b - a potion of magic
 j - a potion of experience {unknown}


   Skills:
 - Level 2.4 Dodging
 - Level 2.4 Stealth
 - Level 3.0 Spellcasting
 - Level 1.1 Conjurations
 + Level 5.4 Fire Magic


You had 6 spell levels left.
You knew the following spells:

 Your Spells              Type           Power      Damage    Failure   Level
a - Foxfire               Conj/Fire      68%        2x1d7     3%          1
b - Scorch                Fire           54%        2d7       1%          2

Your spell library contained the following spells:

 Spells                   Type           Power      Damage    Failure   Level
 Inner Flame              Hex/Fire       15%        N/A       12%         3
 Volatile Blastmotes      Fire/Tloc      30%        2d12      12%         3
 Flame Wave               Conj/Fire      17%        2d7       32%         4


Dungeon Overview and Level Annotations

Branches:
Dungeon (4/15) Zot: 23252
 Temple: D:4-7

Altars:


Message History

Confirm with . or Enter, or press ? or * to list all spells.
You conjure some foxfire!
The foxfire hits the centaur but does no damage.
The centaur is moderately wounded.
The centaur hits you.
* * * LOW HITPOINT WARNING * * *
The centaur kicks you.
* * * LOW HITPOINT WARNING * * *
The foxfire hits the centaur.
The centaur is heavily wounded.
The centaur barely misses you. The centaur kicks you.
* * * LOW HITPOINT WARNING * * *
You take 8 damage, and have 4/24 hp.
MASSIVE DAMAGE!!
You now have 2/10 mp.
Casting: Foxfire (safe; 3% risk of failure)
Confirm with . or Enter, or press ? or * to list all spells.
You conjure some foxfire!
The foxfire hits the centaur but does no damage.
The centaur is heavily wounded.
The foxfire hits the centaur but does no damage.
The centaur is heavily wounded.
The centaur closely misses you. The centaur kicks you.
* * * LOW HITPOINT WARNING * * *
You take 1 damage, and have 3/24 hp.
Okay, then.
It was a potion of lignification.
You turn into a tree.
Your +0 robe melds into your body.
Your roots penetrate the ground.
The foxfire hits the centaur.
The centaur is heavily wounded.
The centaur hits you.
* * * LOW HITPOINT WARNING * * *
The centaur kicks you but does no damage.
The foxfire hits the centaur.
The centaur is severely wounded.
The centaur hits you but does no damage.
The centaur kicks you but does no damage.
You now have 3/36 hp.
Casting: Foxfire (safe; 3% risk of failure)
Confirm with . or Enter, or press ? or * to list all spells.
You conjure some foxfire!
The centaur hits you.
You die...

.#
##............#
...##
##..........##
.....#
###......###
......# ##.....#
.......##
###..##
........## #..##
.........####..#
........v.##..##
......l.v♣#..##
.........hc.##
......†.....#
..............
................
..............##
........######
......### #....


You could see a centaur (ally target), an iguana and a hound.

Vanquished Creatures
  A howler monkey (D:4)
  An adder (D:2)
  A worm (D:2)
  A dart slug (D:2)
  An orc (D:4)
  A ball python (D:1)
  3 endoplasms
  A goblin (D:2)
  2 hobgoblins
  2 kobolds
14 creatures vanquished.

Vanquished Creatures (others)
  94 foxfires
94 creatures vanquished.

Grand Total: 108 creatures vanquished

Notes
Turn   | Place    | Note
-------+----------+-------------------------------------------
     0 | D:1      | Psyclone the Deep Elf Fire Elementalist began the quest for
                  | the Orb.
     0 | D:1      | Reached XP level 1. HP: 10/10 MP: 6/6
     0 | D:1      | Noticed a minotaur
     0 | D:1      | Noticed a gargoyle
     3 | D:1      | Noticed an elf
     5 | D:1      | Noticed a dwarf
     7 | D:1      | Noticed a dwarf
     8 | D:1      | Noticed a vine stalker
    10 | D:1      | Noticed an octopode
    10 | D:1      | Noticed an elf
    12 | D:1      | Noticed an octopode
    13 | D:1      | Noticed a demigod
    14 | D:1      | Noticed a gargoyle
    17 | D:1      | Noticed a demonspawn
    19 | D:1      | Noticed a vampire
    19 | D:1      | Noticed an octopode
   315 | D:2      | Reached skill level 4 in Fire Magic
   315 | D:2      | Reached XP level 2. HP: 15/15 MP: 1/8
   678 | D:4      | Reached XP level 3. HP: 19/19 MP: 4/9
   719 | D:4      | Learned a level 2 spell: Scorch
   738 | D:4      | Noticed a centaur
   741 | D:4      | Reached skill level 5 in Fire Magic
   741 | D:4      | Reached XP level 4. HP: 18/24 MP: 5/10
   747 | D:4      | Slain by a centaur

Illustrated notes

Levels and vault maps discovered:
D:1:      shiori_arrival_whats_in_store_for_you, layout_basic
D:2:      layout_rooms, serial_shops, shop, basic_altar
D:3:      layout_rooms, lemuel_tele_altar, nicolae_overflow_hallway_of_the_gods,
          chequers_serial_rivers_small_3
D:4:      layout_cave_pods, serial_shops, kennysheep_mini, uniq_duvessa

Skill      XL: |  1  2  3 |
---------------+----------+-----
Fire Magic     | 4 5 |  5.4
Dodging        | |  2.4
Stealth        | |  2.4
Spellcasting   | |  3.0
Conjurations   | |  1.1

Action                     |  1- 3 |  4- 6 || total
---------------------------+-------+-------++-------
   Cast: Foxfire           |    49 |     5 ||    54
    Use: Potion            |       |     1 ||     1
 Armour: Skin              |       |     3 ||     3
  Dodge: Dodged            |     1 |     4 ||     5
